 Dungeon Crawl Stone Soup version 0.31.0-11-ge490571c62 (webtiles) character file.

Game seed: 12380736488272886330

7389 Descartes the Nimble (level 10, -17/49 HPs)
             Began as a Felid Shapeshifter on Feb 8, 2024.
             Demolished by an orc warrior
             ... wielding a +0 glaive
              (20 damage)
             ... on level 8 of the Dungeon.
             The game lasted 00:13:27 (7732 turns).

Descartes the Nimble (Felid Shapeshifter)           Turns: 7732, Time: 00:13:27

Health: -17/49     AC:  2    Str: 13    XL:     10   Next: 92%
Magic:  8/11       EV: 24    Int: 14    God:
Gold:   446        SH:  0    Dex: 19    Spells: 5/9 levels left
                                        Lives:  0   Deaths: 4

rFire   . .          .
                       - Unarmed
rCold   . . .        (shield unavailable)
rNeg    . . .        (body armour unavailable)
rPois   +            (helmet unavailable)
rElec   .            (cloak unavailable)
rCorr   .            (gloves unavailable)
SInv    +            (boots unavailable)
Will    +....        (no amulet)
Stlth   ++           m - +4 ring of slaying
HPRegen 0.28/turn    p - ring of poison resistance
MPRegen 0.12/turn

%: no passive effects
@: confusing by touch, beast-form
A: beast (slay +4), very small, claws 1, fangs 3, see invisible, shaggy fur 2,
stealthy paws, no weapons or thrown items, no armour, multi-lived, agile 1,
robust 1, persistent drain
a: Begin Untransformation


You were on level 8 of the Dungeon.
You were a hulking beast.
You visited 2 branches of the dungeon, and saw 10 of its levels.

You collected 446 gold pieces.

Inventory:

Jewellery
 m - a +4 ring of slaying (left paw)
 n - a +6 ring of dexterity
 p - a ring of poison resistance (right paw)
 v - an amulet of faith
 x - the ring "Gaujas" {Fire Fly rCorr Dex-2 Slay-3}
   (You took it off a gnoll sergeant on level 7 of the Dungeon)

   [ring of fire]

   Fire:      It enhances your fire magic.
   Dex-2:     It affects your dexterity (-2).
   Slay-3:    It affects your accuracy & damage with ranged weapons and melee
   (-3).
   rF+:       It protects you from fire.
   rC-:       It makes you vulnerable to cold.
   Fly:       It grants you flight.
   rCorr:     It protects you from acid and corrosion.
Talismans
 b - a beast talisman
 c - a flux talisman
 f - a blade talisman
Wands
 w - a wand of flame (12)
 D - a wand of digging (3)
Scrolls
 e - a scroll of vulnerability {unknown}
 g - 2 scrolls of fear {unknown}
 h - a scroll of summoning {unknown}
 i - 4 scrolls of teleportation
 j - 2 scrolls of poison
 k - a scroll of brand weapon {unknown}
 o - 2 scrolls of noise
 q - a scroll of torment {unknown}
 r - 2 scrolls of blinking {unknown}
 s - 4 scrolls of amnesia
 u - a scroll of enchant armour {unknown}
 y - a scroll of revelation {unknown}
 B - a scroll of identify
Potions
 a - a potion of lignification
 d - 7 potions of curing
 l - 3 potions of heal wounds
 t - a potion of haste
 z - a potion of resistance {unknown}
 A - a potion of brilliance {unknown}
 C - a potion of enlightenment {unknown}


   Skills:
 - Level 1.0 Fighting
 + Level 10.0 Dodging
 + Level 0.6 Stealth
 + Level 10.0 Unarmed Combat
 - Level 5.0 Hexes
 + Level 10.0 Shapeshifting


You had 5 spell levels left.
You knew the following spells:

 Your Spells              Type           Power      Damage    Failure   Level
a - Confusing Touch       Hex            14%        N/A       11%         3
b - Slow                  Hex            56%        N/A       3%          1

Your spell library contained the following spells:

 Spells                   Type           Power      Damage    Failure   Level
 Sigil of Binding         Hex            14%        N/A       11%         3
 Tukima's Dance           Hex            14%        N/A       11%         3
 Magic Dart               Conj           0%         1d3       28%         1
 Shock                    Conj/Air       0%         1d3       28%         1
 Lesser Beckoning         Tloc           0%         N/A       41%         2
 Searing Ray              Conj           0%         2d4       41%         2
 Gell's Gravitas          Tloc           0%         N/A       65%         3
 Swiftness                Air            0%         N/A       65%         3
 Teleport Other           Tloc           0%         N/A       65%         3
 Vampiric Draining        Necr           0%         2d6       65%         3
 Airstrike                Air            0%         2d(0-16)  96%         4
 Fulminant Prism          Conj/Alch      0%         3d5       96%         4
 Iskenderun's Mystic Bla  Conj/Tloc      0%         2d3       96%         4
 Dimensional Bullseye     Hex/Tloc       Unusable   N/A       N/A         4

Dungeon Overview and Level Annotations

Branches:
Dungeon (9/15)             Temple (1/1) D:5
   Lair: D:8-11         Orc: D:9-12

Altars:
Cheibriados
Dithmenos
Elyvilon
Fedhas
Gozag
Hepliaklqana
Kikubaaqudgha
Makhleb
Nemelex Xobeh
Okawaru
Qazlal
Sif Muna
Trog
Uskayaw
Vehumet
Wu Jian
Xom
Yredelemnul
Zin
The Shining One

Shops:
D:6 (


Innate Abilities, Weirdness & Mutations

You are a hulking beast.
Your limbs bulge with bestial killing power. (Slay +4)
You have sharp claws.
You have razor-sharp teeth.
You have supernaturally acute eyesight. (SInv)
You are covered in thick fur. (AC +2)
Your paws help you pounce on unaware monsters.
You are incapable of wielding weapons or throwing items.
You cannot wear armour.
You gain extra lives every three experience levels.
You are agile. (Dex +4, Str/Int -1)
You are robust. (+10% HP)
Your health recovers twice as slowly from being drained.


Message History

The two-headed ogre is moderately wounded.
You hear a bellow! x3
You claw the two-headed ogre!
The two-headed ogre is heavily wounded.
The two-headed ogre hits you with a +0 giant club!
The two-headed ogre completely misses you.
You are too injured to fight recklessly!
You are too injured to fight recklessly!
You are too injured to fight recklessly!
You are too injured to fight recklessly!
You are too injured to fight recklessly!
You are too injured to fight recklessly!
You are too injured to fight recklessly!
You are too injured to fight recklessly!
You are too injured to fight recklessly!
You are too injured to fight recklessly!
You are too injured to fight recklessly!
You are too injured to fight recklessly!
You mangle the two-headed ogre!!
The two-headed ogre is almost dead.
You claw the two-headed ogre! You bite the two-headed ogre.
You kill the two-headed ogre!
A yak comes into view.
Training target 10.0 for Shapeshifting reached!
Your Shapeshifting skill increases to level 10!
You need to enable at least one skill for training.
There is an escape hatch in the ceiling here.
A mysterious force pulls you upwards. The hatch slams shut behind you.
Found 7 stones and 16 gold pieces.
There are monsters nearby!
Cast which spell? (? or * to list)
Your paws begin to glow red.
The steam dragon breathes steam at you. The ball of steam hits you!
* * * LOW HITPOINT WARNING * * *
The steam dragon bites you!
* * * LOW HITPOINT WARNING * * *
The steam dragon closely misses you.
The orc warrior hits you from afar with a +0 glaive!!
You die...

.....# ......$..##.#..#
...... .....(...#......
....## #.............#
...## ##....§.......#
.....###.....§.......# #
......#.......§......##.##
........). #.§.......#..#
........... #..§.........#
..........o##..§h#.......#
..............##D#......#
..............##o.D.>..##
.....##..#........#
.................##
......#..##....###
.....##..#.##..# #...#
#..#..#### .... ##....#


You could see a steam dragon (catching breath) and an orc warrior.

Vanquished Creatures
  A two-headed ogre (D:9)
  An ugly thing (D:7)
  A cyclops (D:7)
  A manticore (D:7)
  An unseen horror (D:7)
  A komodo dragon (D:7)
  2 hornets (D:7)
  A shadow (D:9)
  A wyvern (D:7)
  A wraith (D:7)
  A vampire mosquito (D:7)
  2 steam dragons
  Menkaure (D:6)
  2 water moccasins (D:7)
  2 orc warriors
  3 sky beasts
  6 black bears
  4 ogres
  2 centaurs (D:7)
  3 phantoms (D:5)
  Blork the orc (D:5)
  3 bullfrogs
  3 gnoll sergeants
  A wight (D:7)
  3 killer bees (D:7)
  2 howler monkeys (D:7)
  4 crimson imps (D:7)
  4 bombardier beetles
  5 jellies
  3 hounds
  5 orc priests
  8 orc wizards
  3 iguanas (D:7)
  6 gnolls
  4 adders
  A white imp (D:6)
  2 dart slugs (D:4)
  5 ribbon worms
  26 orcs
  7 ball pythons
  7 endoplasms
  3 giant cockroaches
  8 goblins
  6 hobgoblins
  2 jackals (D:1)
  4 quokkas
  7 bats
  A frilled lizard (D:3)
  3 kobolds
  6 rats
180 creatures vanquished.

Vanquished Creatures (others)
  A sky beast (D:8)
  2 orcs (D:8)
3 creatures vanquished.

Grand Total: 183 creatures vanquished

Notes
Turn   | Place    | Note
-------+----------+-------------------------------------------
     0 | D:1      | Descartes the Felid Shapeshifter began the quest for the
                  | Orb.
     0 | D:1      | Reached XP level 1. HP: 10/10 MP: 2/2
   242 | D:1      | Reached XP level 2. HP: 14/14 MP: 3/3
   957 | D:2      | Reached XP level 3. HP: 11/18 MP: 4/4
  1554 | D:3      | Reached XP level 4. HP: 7/22 MP: 5/5
  1554 | D:3      | Gained a life (2 lives remaining)
  1675 | D:3      | Found a bloodstained altar of Trog.
  1772 | D:3      | Found a faded altar of an unknown god.
  2650 | D:4      | Found a shadowy altar of Dithmenos.
  2745 | D:4      | Found a snail-covered altar of Cheibriados.
  2828 | D:4      | Reached XP level 5. HP: 21/25 MP: 6/6
  2880 | D:4      | Noticed a black bear
  2886 | D:4      | Killed a black bear
  2887 | D:4      | Reached skill level 5 in Dodging
  2982 | D:4      | Found an iron altar of Okawaru.
  3020 | D:4      | Gained mutation: You are covered in thick fur. (AC +2)
                  | [Felid growth]
  3020 | D:4      | Reached XP level 6. HP: 30/30 MP: 7/7
  3218 | D:4      | Found a hazy altar of Hepliaklqana.
  3218 | D:4      | Found a sparkling altar of Nemelex Xobeh.
  3453 | D:5      | Entered Level 5 of the Dungeon
  3486 | D:5      | Found a staircase to the Ecumenical Temple.
  3503 | D:5      | Reached skill level 5 in Unarmed Combat
  3507 | Temple   | Entered the Ecumenical Temple
  3559 | D:5      | Reached XP level 7. HP: 33/33 MP: 8/8
  3859 | D:5      | Reached skill level 5 in Shapeshifting
  3917 | D:5      | Noticed Blork the orc
  3924 | D:5      | Killed Blork the orc
  4098 | D:5      | Reached XP level 8. HP: 31/37 MP: 9/9
  4298 | D:5      | Learned a level 3 spell: Confusing Touch
  4484 | D:5      | Reached skill level 1 in Hexes
  4487 | D:5      | Learned a level 1 spell: Slow
  4538 | D:6      | Found Kucrafah's Antique Weapon Emporium.
  4684 | D:6      | Engulfed by a cloud of steam
  4684 | D:6      | Lost a life (1 life remaining)
  4916 | D:6      | Gained mutation: You are agile. (Dex +4, Str/Int -1)
                  | [potion of mutation]
  4916 | D:6      | Gained mutation: Your health recovers twice as slowly from
                  | being drained. [potion of mutation]
  4916 | D:6      | Gained mutation: You are robust. (+10% HP) [potion of
                  | mutation]
  4982 | D:7      | Found a hide-covered altar of Uskayaw.
  5040 | D:7      | Noticed a hornet
  5042 | D:7      | Noticed a komodo dragon
  5045 | D:7      | Killed a hornet
  5046 | D:7      | Reached XP level 9. HP: 45/45 MP: 10/10
  5046 | D:7      | Gained a life (2 lives remaining)
  5059 | D:7      | Killed a komodo dragon
  5060 | D:7      | Reached skill level 5 in Hexes
  5294 | D:7      | Reached skill level 10 in Dodging
  5423 | D:7      | Noticed a white ugly thing
  5427 | D:7      | Mangled by a white ugly thing
  5427 | D:7      | Lost a life (1 life remaining)
  5769 | D:7      | Found a shimmering altar of Xom.
  5863 | D:7      | HP: 1/45 [white ugly thing (35)]
  5867 | D:7      | Mangled by a white ugly thing
  5867 | D:7      | Lost a life (0 lives remaining)
  5885 | D:7      | Noticed an unseen horror
  5908 | D:7      | Reached XP level 10. HP: 37/49 MP: 11/11
  5908 | D:7      | Gained a life (1 life remaining)
  6123 | D:6      | Noticed Menkaure
  6130 | D:6      | Killed Menkaure
  6487 | D:7      | Noticed a manticore
  6489 | D:7      | Noticed a cyclops
  6522 | D:7      | Killed a white ugly thing
  6619 | D:7      | Identified the +1 chain mail of Impressiveness {rC+ rCorr
                  | Dex+3}
  6619 | D:7      | Identified the ring "Gaujas" {Fire Fly rCorr Dex-2 Slay-3}
  6720 | D:7      | Identified the +5 whip of Excruciating Pain {distort, SInv}
  6762 | D:7      | Killed a cyclops
  6763 | D:7      | Reached skill level 10 in Unarmed Combat
  6973 | D:7      | Killed a manticore
  7424 | D:8      | HP: 2/49 [orc warrior/+0 glaive (20)]
  7425 | D:8      | Demolished by an orc warrior
  7425 | D:8      | Lost a life (0 lives remaining)
  7456 | D:9      | Found a glowing golden altar of the Shining One.
  7716 | D:9      | Noticed a two-headed ogre
  7725 | D:9      | Killed a two-headed ogre
  7726 | D:9      | Reached skill level 10 in Shapeshifting
  7732 | D:8      | Demolished by an orc warrior

Illustrated notes

Levels and vault maps discovered:
D:1:      dpeg_arrival_circle_labyrinth_c, layout_basic
D:2:      layout_basic
D:3:      layout_basic, trog_book, shapermc_ecumenical_altar_acropolis,
          minmay_goblin_outpost
D:4:      layout_basic, cheibrodos_worm_habitat, okawaru_gym_becter,
          nicolae_dithmenos_the_darkroom, mainiacjoe_overflow_catwalk_spiral,
          minmay_crystal_room
D:5:      layout_loops_ring, minmay_temple_entry_junction, uniq_blork_the_orc
D:6:      layout_basic, serial_shops, shop, uniq_menkaure
D:7:      minmay_the_grid_octo_2x2 [minmay_the_grid_octo_odd_swirl,
          minmay_the_grid_octo_clover_2, minmay_the_grid_octo_concentric,
          minmay_the_grid_octo_prize_big_c], layout_gridville, led_xom_imps,
          mainiacjoe_overflow_catwalk
D:8:      layout_cave_pools
D:9:      layout_roguey, tso_metal_star, minivault_19
Temple:   minmay_freezing_vapour_temple

Skill      XL: |  1  2  3  4  5  6  7  8  9 10 |
---------------+-------------------------------+-----
Dodging        | 3 4 5 6 7 9 10 | 10.0
Shapeshifting  | 3 4 5 6 7 10 | 10.0
Unarmed Combat | 4 5 6 7 9 10 | 10.0
Hexes          | 4 5 |  5.0
Fighting       | |  1.0
Stealth        | |  0.6

Action                     |  1- 3 |  4- 6 |  7- 9 | 10-12 || total
---------------------------+-------+-------+-------+-------++-------
  Melee: Unarmed           |    90 |    86 |   186 |   125 ||   487
         Bite              |     6 |     6 |    28 |    14 ||    54
         Punch             |     1 |     1 |    13 |     9 ||    24
   Cast: Confusing Touch   |       |       |       |     1 ||     1
    Use: Potion            |       |     2 |     3 |     1 ||     6
         Scroll            |       |       |     8 |       ||     8
   Stab: Sleeping          |       |     2 |     2 |       ||     4
         Invisible         |       |       |     2 |       ||     2
 Armour: Skin              |    24 |    38 |    57 |    38 ||   157
  Dodge: Dodged            |    97 |    83 |   186 |   121 ||   487
